AoeStats
← Pungus

MegaRandom

505766070Analyzed
1v1 RM · 22d ago on Sep 11, 2026· 14m 53s· 2 players
Game mode
Random Map
Map size
Tiny (2 player)
Population
200
Speed
Normal
Resources
Standard
Victory
Conquest
Starting age
Dark Age
Ending age
Imperial Age
RankedLock teamsTeams togetherTeam positionsShared explorationLock speedFull tech treeHidden civsTurbo modeCheats
Victory
Defeat
🇺🇸 Britons · United States
1051
+15
🇺🇸 Japanese · United States
1028
-15
Pungus
3:47 Loom
5:20 Loom
10:04 Feudal Age
11:04 Man-at-Arms
13:24 Double-Bit Axe
IFallen SaintI
7:24 Loom
9:28 Feudal Age
13:34 Fletching
Connection lost

Rejoining the realm…

Still unreachable

The connection could not be restored.

Session expired

The server has moved on; the page needs a fresh start.